 Dungeon Sprint DCSS version 0.27-a0-74-gebd156f8b4 (webtiles) character file.

Game seed: 13650144225896783670

99340 rocky1 the Earth Mage (level 15, -3/95 HPs)
             Began as a Gargoyle Earth Elementalist on Jan 12, 2021.
             Was a High Priest of Sif Muna.
             Killed by the air
             ... invoked by Sojobo
              (45 damage)
             ... in the Dungeon (Sprint III: "The Ten Rune Challenge").
             The game lasted 01:07:05 (9650 turns).

rocky1 the Earth Mage (Gargoyle Earth Elementalist) Turns: 9650, Time: 01:07:05

Health: -3/95      AC: 18    Str: 22    XL:     15   Next: 36%
Magic:  8/32       EV: 17    Int: 20    God:    Sif Muna [*****.]
Gold:   565        SH: 15    Dex: 10    Spells: 14/48 levels left

rFire    + + +     SeeInvis .   b - +4 long sword (holy)
rCold    + . .     Faith    .   q - +1 kite shield {reflect}
rNeg     + + +     Spirit   .   A - +1 leather armour {rN+}
rPois    ∞         Reflect  +   u - +2 hat {Will+}
rElec    +         Harm     .   B - scarf {rC+ rF+}
rCorr    .         Rampage  .   (no gloves)
Will     ++...     NoTele   +   (no boots)
Stlth    +++.......             O - amulet "Leazamag" {Acrobat Fragile rF+ Str+8}
HPRegen  0.25/turn              t - ring of wizardry
MPRegen  0.23/turn              N - ring "Uddarity" {rF+ rN+}

@: flying
A: big wings, low mp 1, negative energy resistance 1, electricity resistance,
unbreathing, petrification resistance, miasma immunity, AC +11
}: 2/10 runes: serpentine, barnacled
a: Stop Flying, Renounce Religion, Channel Magic, Forget Spell, Divine Exegesis


You were in the Dungeon.
You worshipped Sif Muna.
Sif Muna was extremely pleased with you.
You visited 1 branch You collected 2227 gold pieces.
You spent 1662 gold pieces at shops.

Inventory:

Hand Weapons
 a - the +9 sword of Zonguldrok {reap}
   (You found it in the Dungeon)

   If a monster killed with it leaves a corpse in good enough shape, the corpse
   is reanimated as a zombie friendly to the killer.
 b - a +4 long sword of holy wrath (weapon)
 j - a +8 quick blade
 I - a +0 long sword of freezing
Missiles
 s - 7 silver javelins
 v - 72 stones
Armour
 k - the +1 robe of Ceashr Pawohu {*Corrode +Blink Will+ Str+6, unknown}
   (You found it in the Dungeon)

   It affects your strength (+6).
   It affects your willpower, your defense against some magical effects.
   It lets you blink.
   It may corrode you when you take damage.
 p - a +1 robe of cold resistance
 q - a +1 kite shield of reflection (worn)
 u - a +2 hat of willpower (worn)
 A - a +1 leather armour of positive energy (worn)
 B - a scarf of resistance (worn)
Magical Staves
 C - an uncursed staff of cold
 P - an uncursed staff of fire
Jewellery
 t - a ring of wizardry (left hand)
 y - an uncursed amulet of regeneration
 z - an uncursed ring of protection from cold
 N - the ring "Uddarity" (right hand) {rF+ rN+}
   (You found it in the Dungeon)

   [ring of protection from fire]

   It protects you from fire.
   It protects you from negative energy.
 O - the amulet "Leazamag" (around neck) {Acrobat Fragile rF+ Str+8}
   (You found it in the Dungeon)

   [amulet of the acrobat]

   It helps you evade while moving and waiting.
   It affects your strength (+8).
   It protects you from fire.
   It will be destroyed if unequipped.
Wands
 c - a wand of digging (10)
 L - a wand of paralysis (11)
 T - a wand of flame (24)
Scrolls
 m - 2 scrolls of remove curse
 r - a scroll of silence {unknown}
 E - a scroll of fear {unknown}
 G - a scroll of fog {unknown}
 J - 4 scrolls of amnesia {unknown}
 R - a scroll of acquirement
Potions
 d - 7 potions of curing
 e - 2 potions of heal wounds
 f - 2 potions of haste
 g - 3 potions of magic
 h - 4 potions of berserk rage
 i - 2 potions of brilliance
 n - 3 potions of might
 o - 8 potions of mutation
 w - a potion of cancellation
 D - a potion of attraction
Miscellaneous
 H - a tin of tremorstones (2/2)
 K - a tin of tremorstones (2/2)
 M - a phial of floods
 Q - a phantom mirror


   Skills:
 + Level 11.3 Fighting
 + Level 6.9 Long Blades
 - Level 10.4 Armour
 - Level 11.4 Dodging
 + Level 5.9 Stealth
 - Level 15.3 Shields
 - Level 17.4 Spellcasting
 - Level 17.1 Conjurations
 - Level 6.0 Translocations
 - Level 0.7 Transmutations
 - Level 13.0 Fire Magic
 - Level 20.0 Earth Magic
 - Level 13.1 Invocations
 + Level 4.1 Evocations


You had 14 spell levels left.
You knew the following spells:

 Your Spells              Type           Power        Failure   Level
a - Sandblast             Erth           100%         0%          1
b - Stone Arrow           Conj/Erth      100%         0%          3
c - Lee's Rapid Deconstr  Erth           39%          1%          5
d - Petrify               Tmut/Erth      56%          1%          4
e - Blink                 Tloc           N/A          1%          2
f - Bolt of Magma         Conj/Fire/Erth 35%          1%          5
g - Iron Shot             Conj/Erth      37%          1%          6
h - Lehudib's Crystal Sp  Conj/Erth      37%          4%          8

Your spell library contained the following spells:

 Spells                   Type           Power        Failure   Level
 Foxfire                  Conj/Fire      100%         0%          1
 Magic Dart               Conj           100%         0%          1
 Searing Ray              Conj           100%         0%          2
 Conjure Flame            Conj/Fire      67%          0%          3
 Animate Skeleton         Necr           34%          1%          1
 Apportation              Tloc           82%          1%          1
 Corona                   Hex            18%          1%          1
 Pain                     Necr           68%          1%          1
 Shock                    Conj/Air       100%         1%          1
 Summon Small Mammal      Summ           68%          1%          1
 Passwall                 Tmut/Erth      46%          1%          2
 Wereblood                Tmut           20%          1%          2
 Dazzling Flash           Conj/Hex       100%         1%          3
 Gell's Gravitas          Tloc           20%          1%          3
 Ignite Poison            Fire/Tmut/Pois 35%          1%          3
 Inner Flame              Hex/Fire       43%          1%          3
 Lesser Beckoning         Tloc           20%          1%          3
 Mephitic Cloud           Conj/Pois/Air  40%          1%          3
 Portal Projectile        Hex/Tloc       58%          1%          3
 Static Discharge         Conj/Air       51%          1%          3
 Teleport Other           Tloc           41%          1%          3
 Fulminant Prism          Conj/Hex       25%          1%          4
 Hailstorm                Conj/Ice       51%          1%          4
 Iskenderun's Mystic Bla  Conj/Tloc      59%          1%          4
 Leda's Liquefaction      Hex/Erth       27%          1%          4
 Passage of Golubria      Tloc           N/A          1%          4
 Sticky Flame             Conj/Fire      67%          1%          4
 Borgnjor's Vile Clutch   Necr/Erth      27%          1%          5
 Fireball                 Conj/Fire      33%          1%          5
 Irradiate                Conj/Tmut      26%          1%          5
 Iskenderun's Battlesphe  Conj           72%          1%          5
 Lightning Bolt           Conj/Air       25%          1%          5
 Starburst                Conj/Fire      33%          1%          6
 Orb of Destruction       Conj           36%          1%          7
 Call Imp                 Summ           17%          2%          2
 Corpse Rot               Necr/Air       N/A          2%          2
 Ensorcelled Hibernation  Hex/Ice        34%          2%          2
 Poisonous Vapours        Pois/Air       34%          2%          2
 Slow                     Hex            17%          2%          2
 Swiftness                Air            17%          2%          2
 Confusing Touch          Hex            17%          4%          3
 Ozocubu's Armour         Ice            17%          4%          3
 Spider Form              Tmut/Pois      9%           4%          3
 Summon Guardian Golem    Hex/Summ       17%          4%          3
 Tukima's Dance           Hex            17%          4%          3
 Vampiric Draining        Necr           8%           4%          3
 Conjure Ball Lightning   Conj/Air       25%          6%          6
 Ice Form                 Ice/Tmut       18%          12%         4
 Summon Forest            Summ/Tloc      14%          12%         5
 Airstrike                Air            8%           14%         4
 Animate Dead             Necr           8%           14%         4
 Cause Fear               Hex            8%           14%         4
 Dispel Undead            Necr           17%          14%         4
 Olgreb's Toxic Radiance  Pois           17%          14%         4
 Summon Ice Beast         Ice/Summ       17%          14%         4
 Summon Lightning Spire   Summ/Air       17%          14%         4
 Dispersal                Tloc           20%          17%         6
 Freezing Cloud           Conj/Ice/Air   20%          21%         6
 Alistair's Intoxication  Tmut/Pois      12%          32%         5
 Yara's Violent Unravell  Hex/Tmut       9%           32%         5
 Spellforged Servitor     Conj/Summ      25%          32%         7
 Agony                    Necr           17%          36%         5
 Metabolic Englaciation   Hex/Ice        8%           36%         5
 Silence                  Hex/Air        8%           36%         5
 Summon Mana Viper        Hex/Summ       17%          36%         5
 Shatter                  Erth           39%          36%         9
 Ignition                 Fire           31%          38%         8
 Hydra Form               Tmut           10%          82%         6
 Eringya's Noxious Bog    Tmut/Pois      9%           86%         6
 Invisibility             Hex            17%          89%         6
 Ozocubu's Refrigeration  Ice            8%           89%         6
 Shadow Creatures         Summ           N/A          89%         6
 Simulacrum               Ice/Necr       8%           89%         6
 Chain Lightning          Conj/Air       25%          93%         8
 Fire Storm               Conj/Fire      33%          95%         9
 Malign Gateway           Summ/Tloc      14%          96%         7
 Disjunction              Tloc           20%          99%         8
 Dragon Form              Tmut           10%          100%        7
 Haunt                    Necr/Summ      8%           100%        7
 Summon Hydra             Summ           8%           100%        7
 Discord                  Hex            8%           100%        8
 Infestation              Necr           8%           100%        8
 Necromutation            Tmut/Necr      9%           100%        8
 Absolute Zero            Ice            8%           100%        9
 Death's Door             Necr           8%           100%        9
 Dragon's Call            Summ           8%           100%        9
 Tornado                  Air            8%           100%        9
 Sublimation of Blood     Necr           Unusable     N/A         2

Dungeon Overview and Level Annotations

Branches:
Dungeon (1/1)

Altars:
Cheibriados
Dithmenos
Elyvilon
Fedhas
Gozag
Hepliaklqana
Kikubaaqudgha
Makhleb
Nemelex Xobeh
Okawaru
Qazlal
Ru
Sif Muna
Trog
Uskayaw
Vehumet
Wu Jian
Xom
Yredelemnul
Zin
The Shining One
Beogh
Jiyva
Lugonu

Shops:
D (!==(?}

Annotations:
D Sojobo


Innate Abilities, Weirdness & Mutations

You are resistant to torment.
Your stone body is resilient. (AC +11)
You are immune to poison.
Your large and strong wings let you fly indefinitely.
You resist negative energy. (rN+)
You are resistant to electric shocks. (rElec)
You can survive without breathing.
You are immune to petrification.
You are immune to miasma.
Your magical capacity is low. (-10% MP)


Message History

Confirm with . or Enter, or press ? or * to list all spells.
Aiming: Lee's Rapid Deconstruction (safe; 1% risk of failure)
Press: ? - help, Dir - move target A stone wall.
The wall shatters!
The blast of rock fragments hits Sojobo!!
Sojobo is severely wounded.
Sojobo hits you with a +1 vorpal morningstar!
Sojobo pecks you but does no damage. Sojobo claws you but does no damage.
Casting: Lee's Rapid Deconstruction (safe; 1% risk of failure)
Confirm with . or Enter, or press ? or * to list all spells.
Aiming: Lee's Rapid Deconstruction (safe; 1% risk of failure)
Press: ? - help, Dir - move target A stone wall.
The wall shatters!
The blast of rock fragments hits Sojobo!!
Sojobo is almost dead.
Sojobo waves her feathered arms in wide circles.
The air twists around and violently strikes you in flight!!!
You die...

^..#...≈≈≈≈#*,,,,,,,+,,,,,,,,,*
...#...≈≈≈≈#*,*******,,,,,,,,,*
..^#.......#*,,,,,,,*,,,,,,,,,*
...#.......#*******,*,,,,,,,,,*
..^#.......#*,,,,,,,*,,,,,,,,,*
...################+###########
#############.#.#...#.§).)§§≈§#
(≈≈≈≈##.§≈§§##...#.##§§§§§≈§≈≈#
)≈§§§#≈.§#§§#.#Q@.#.#§§§§§§§..#
.#§≈≈##≈##≈≈##.#...##§.§.§.§.§#
.#)≈≈§###§≈≈#.#.....§§...§.§.§#
.###§≈≈§≈§≈≈################'##
.#G#)§§§≈§≈≈#...#(..#}.#......#
.#+###§≈≈≈≈§#...#..)#..#...(..#
.#,,,#)≈§§§§##'###'##..#......#
##,,,###≈≈###.....).'..#......#
.+,,,+,#)##.#.#####.####......#


You could see Sojobo (repels missiles).

Vanquished Creatures
  Rupert (D)
  A lich (D)
  A deep elf blademaster (D)
  A kraken (D)
  Gastronok (D)
  Chuck (D)
  Frances (D)
  A sphinx (D)
  Donald (D)
  A nagaraja (D)
  A deep elf demonologist (D)
  Azrael (D)
  A deep elf annihilator (D)
  2 dire elephants (D)
  A deep elf death mage (D)
  4 mummy priests (D)
  A fire dragon (D)
  A deep elf high priest (D)
  2 yaktaur captains (D)
  2 hydras (D)
  A naga warrior (D)
  Erolcha (D)
  2 centaur warriors (D)
  2 alligator snapping turtles (D)
  4 dancing weapons (D)
  3 anacondas (D)
  4 death yaks (D)
  A deep elf knight (D)
  An iron golem (D)
  4 hell knights (D)
  Urug (D)
  5 orc high priests (D)
  A skeletal warrior (D)
  A death drake (D)
  A spriggan druid (D)
  A lindwurm (D)
  A shining eye (shapeshifter) (D)
  An orc sorcerer (D)
  2 elephants (D)
  4 ugly things (D)
  7 deep elf magi (D)
  A guardian serpent (D)
  3 black mambas (D)
  2 cane toads (D)
  A komodo dragon (D)
  3 yaktaurs (D)
  A rime drake (D)
  A queen bee (D)
  13 guardian mummies (D)
  3 wandering mushrooms (D)
  4 spriggan defenders (D)
  2 tyrant leeches (D)
  3 slime creatures (D)
  8 blink frogs (D)
  4 snapping turtles (D)
  5 redbacks (D)
  A shadow (D)
  2 spriggans (D)
  2 nagas (D)
  A spatial vortex (D)
  A floating eye (shapeshifter) (D)
  A swamp drake (D)
  2 fire dragon simulacra (D)
  An orc warrior (D)
  A necrophage (D)
  5 two-headed ogres (D)
  A water elemental (D)
  32 killer bees (D)
  An electric eel (D)
  A jelly (D)
  4 orc wizards (D)
  3 orc priests (D)
  Jessica (D)
  Crazy Yiuf (D)
  A wizard (D)
  2 necromancers (D)
  2 wolf simulacra (D)
  3 humans (D)
  A kobold demonologist (D)
  5 adders (D)
  7 orcs (D)
  4 rats (D)
  7 bushes (D)
  3 tentacles (D)
224 creatures vanquished.

Vanquished Creatures (collateral kills)
  A sphinx (D)
1 creature vanquished.

Vanquished Creatures (others)
  A ghost moth (D)
  A hornet (D)
  A water moccasin (D)
  An adder (D)
  A bush (D)
  3 fire vortices (D)
  A fungus (D)
  24 plants (D)
  8 tentacles (D)
41 creatures vanquished.

Grand Total: 266 creatures vanquished

Notes
Turn   | Place    | Note
-------+----------+-------------------------------------------
     0 | D        | rocky1 the Gargoyle Earth Elementalist began the quest for
                  | the Orb.
     0 | D        | Reached XP level 1. HP: 10/10 MP: 3/3
    13 | D        | Reached skill level 4 in Earth Magic
    72 | D        | Noticed Jessica
    75 | D        | Killed Jessica
    76 | D        | Reached skill level 8 in Earth Magic
    76 | D        | Reached XP level 2. HP: 15/15 MP: 3/5
    76 | D        | Reached XP level 3. HP: 19/19 MP: 3/6
   127 | D        | Reached skill level 9 in Earth Magic
   163 | D        | Noticed Crazy Yiuf
   165 | D        | Killed Crazy Yiuf
   166 | D        | Reached XP level 4. HP: 24/24 MP: 4/8
   203 | D        | Noticed a water elemental
   205 | D        | Killed a water elemental
   206 | D        | Reached skill level 10 in Earth Magic
   206 | D        | Reached XP level 5. HP: 28/28 MP: 7/12
   210 | D        | Learned a level 3 spell: Stone Arrow
   216 | D        | Learned a level 5 spell: Lee's Rapid Deconstruction
   221 | D        | Learned a level 4 spell: Petrify
   245 | D        | Found a radiant altar of Vehumet.
   245 | D        | Found a shimmering blue altar of Sif Muna.
   245 | D        | Found an ancient bone altar of Kikubaaqudgha.
   248 | D        | Reached skill level 5 in Spellcasting
   248 | D        | Reached skill level 11 in Earth Magic
   259 | D        | Became a worshipper of Sif Muna the Loreminder
   303 | D        | Found a basalt altar of Yredelemnul.
   303 | D        | Found a shadowy altar of Dithmenos.
   303 | D        | Found a sacrificial altar of Ru.
   303 | D        | Noticed a necrophage
   305 | D        | Reached skill level 1 in Invocations
   305 | D        | Killed a necrophage
   306 | D        | Reached skill level 12 in Earth Magic
   306 | D        | Reached XP level 6. HP: 26/32 MP: 7/15
   374 | D        | Found a hide-covered altar of Uskayaw.
   374 | D        | Found a roughly hewn altar of Beogh.
   374 | D        | Found an iron altar of Okawaru.
   374 | D        | Found a bloodstained altar of Trog.
   374 | D        | Found an ornate altar of the Wu Jian Council.
   374 | D        | Noticed a human
   374 | D        | Noticed a human
   376 | D        | Killed a human
   376 | D        | Reached * piety under Sif Muna
   377 | D        | Reached skill level 5 in Invocations
   377 | D        | Killed a human
   378 | D        | Reached skill level 13 in Earth Magic
   378 | D        | Reached XP level 7. HP: 36/36 MP: 4/18
   464 | D        | Found a glowing silver altar of Zin.
   464 | D        | Found a glowing golden altar of the Shining One.
   464 | D        | Found a white marble altar of Elyvilon.
   464 | D        | Noticed a deep elf mage
   466 | D        | Killed a deep elf mage
   467 | D        | Reached skill level 14 in Earth Magic
   467 | D        | Reached XP level 8. HP: 41/41 MP: 13/21
   519 | D        | Reached ** piety under Sif Muna
   519 | D        | Noticed a shadow
   525 | D        | Killed a shadow
   526 | D        | Reached skill level 1 in Fighting
   526 | D        | Reached skill level 1 in Long Blades
   594 | D        | Found a blossoming altar of Fedhas.
   594 | D        | Found a stormy altar of Qazlal.
   594 | D        | Found a snail-covered altar of Cheibriados.
   594 | D        | Found a burning altar of Makhleb.
   594 | D        | Found a shimmering altar of Xom.
   596 | D        | Found a hazy altar of Hepliaklqana.
   596 | D        | Found an opulent altar of Gozag.
   596 | D        | Found a sparkling altar of Nemelex Xobeh.
   596 | D        | Found a corrupted altar of Lugonu.
   596 | D        | Found a viscous altar of Jiyva.
   642 | D        | Reached *** piety under Sif Muna
   673 | D        | Noticed Erolcha
   674 | D        | Noticed a two-headed ogre
   681 | D        | Killed Erolcha
   681 | D        | Killed a two-headed ogre
   682 | D        | Reached skill level 5 in Fighting
   682 | D        | Reached skill level 10 in Spellcasting
   682 | D        | Reached skill level 15 in Earth Magic
   682 | D        | Reached skill level 10 in Invocations
   682 | D        | Reached XP level 9. HP: 22/54 MP: 2/23
   682 | D        | Noticed a two-headed ogre
   686 | D        | Killed a two-headed ogre
   688 | D        | Reached **** piety under Sif Muna
   689 | D        | Reached skill level 5 in Long Blades
   689 | D        | Reached skill level 5 in Dodging
   877 | D        | Reached ***** piety under Sif Muna
   877 | D        | Identified Qoeghiteig's Compendium of Ashen Bewitchment
                  | (Sif Muna gifted it to you in the Dungeon)
   877 | D        | Received a gift from Sif Muna
   887 | D        | Noticed an orc sorcerer
   890 | D        | Killed an orc sorcerer
   891 | D        | Reached XP level 10. HP: 58/60 MP: 20/24
   897 | D        | Noticed an orc high priest
   901 | D        | Killed an orc high priest
   901 | D        | Identified Wialeir's Almanac of the Harmful Compass (Sif
                  | Muna gifted it to you in the Dungeon)
   901 | D        | Received a gift from Sif Muna
   928 | D        | Found Maxycit's Gadget Shop.
   989 | D        | Bought a wand of digging (6) for 200 gold pieces
  1025 | D        | Noticed a deep elf mage
  1025 | D        | Noticed a deep elf mage
  1025 | D        | Noticed a deep elf knight
  1025 | D        | Noticed a deep elf mage
  1025 | D        | Noticed a deep elf mage
  1030 | D        | Learned a level 2 spell: Blink
  1036 | D        | Learned a level 5 spell: Bolt of Magma
  1039 | D        | Killed a deep elf mage
  1039 | D        | Killed a deep elf mage
  1040 | D        | Reached skill level 1 in Translocations
  1040 | D        | Reached skill level 16 in Earth Magic
  1041 | D        | Killed a deep elf mage
  1042 | D        | Reached skill level 5 in Conjurations
  1042 | D        | Killed a deep elf mage
  1042 | D        | Identified Ojaimat's Incunabulum of Harmful Air (Sif Muna
                  | gifted it to you in the Dungeon)
  1042 | D        | Received a gift from Sif Muna
  1043 | D        | Killed a deep elf knight
  1054 | D        | Noticed a deep elf demonologist
  1122 | D        | Reached XP level 11. HP: 45/64 MP: 17/26
  1123 | D        | Identified Sif Muna's Compendium of the Frostbite (Sif Muna
                  | gifted it to you in the Dungeon)
  1123 | D        | Received a gift from Sif Muna
  1234 | D        | Reached ****** piety under Sif Muna
  1236 | D        | Received a gift from Sif Muna
  1438 | D        | Identified the +5 glaive "Spiderbane" {drain, +Fly rElec
                  | rC- Stlth-}
  1438 | D        | Noticed a deep elf mage
  1441 | D        | Killed a deep elf mage
  1498 | D        | Received a gift from Sif Muna
  1508 | D        | Reached skill level 5 in Fire Magic
  1873 | D        | Noticed Donald
  1874 | D        | Noticed Frances
  1878 | D        | Killed Donald
  1878 | D        | Identified Sif Muna's Disquisition on Arcane Weapons and
                  | the Compass (Sif Muna gifted it to you in the Dungeon)
  1878 | D        | Received a gift from Sif Muna
  1879 | D        | Reached skill level 5 in Translocations
  1879 | D        | Reached skill level 17 in Earth Magic
  1882 | D        | Killed Frances
  2157 | D        | Reached skill level 1 in Armour
  2157 | D        | Reached skill level 1 in Shields
  2292 | D        | Noticed a yaktaur captain
  2338 | D        | Reached XP level 12. HP: 70/70 MP: 18/28
  2475 | D        | Identified Sif Muna's Catalogue of Unstable Hexes (Sif Muna
                  | gifted it to you in the Dungeon)
  2475 | D        | Received a gift from Sif Muna
  2699 | D        | Noticed Urug
  2704 | D        | Killed Urug
  2868 | D        | Noticed a five-headed hydra
  2868 | D        | Noticed an eight-headed hydra
  2878 | D        | Killed a five-headed hydra
  2879 | D        | Reached skill level 5 in Armour
  2879 | D        | Reached skill level 5 in Shields
  2879 | D        | Reached skill level 10 in Conjurations
  2881 | D        | Killed an eight-headed hydra
  2881 | D        | Identified Sif Muna's Reference Book on Clay (Sif Muna
                  | gifted it to you in the Dungeon)
  2881 | D        | Received a gift from Sif Muna
  3154 | D        | Found a blossoming altar of Fedhas.
  3173 | D        | Noticed an anaconda
  3178 | D        | Killed an anaconda
  3440 | D        | Noticed an anaconda
  3443 | D        | Killed an anaconda
  3443 | D        | Received a gift from Sif Muna
  3444 | D        | Reached skill level 10 in Dodging
  3849 | D        | Identified Sif Muna's Catalogue of Supportive Fire (Sif
                  | Muna gifted it to you in the Dungeon)
  3849 | D        | Received a gift from Sif Muna
  4006 | D        | Noticed Rupert
  4009 | D        | Paralysed by Rupert for 7 turns
  4023 | D        | Paralysed by Rupert for 2 turns
  4026 | D        | HP: 3/70 [Rupert/+2 vorpal battleaxe (12)]
  4026 | D        | HP: 1/70 [Rupert/+2 vorpal battleaxe (2)]
  4027 | D        | Killed Rupert
  4028 | D        | Reached XP level 13. HP: 1/74 MP: 2/31
  4369 | D        | Identified Icijuqapt's Almanac of Scorching Dark Secrets
                  | (Sif Muna gifted it to you in the Dungeon)
  4369 | D        | Received a gift from Sif Muna
  4600 | D        | Noticed an azure jelly
  4600 | D        | Noticed an azure jelly
  4601 | D        | Noticed an azure jelly
  4601 | D        | Noticed an azure jelly
  4616 | D        | Noticed a kraken
  4631 | D        | Killed a kraken
  4631 | D        | Received a gift from Sif Muna
  4632 | D        | Reached skill level 10 in Armour
  4632 | D        | Reached skill level 10 in Shields
  4912 | D        | Learned a level 6 spell: Iron Shot
  4926 | D        | Found Zehont's Jewellery Shop.
  4926 | D        | Found Folo's Distillery.
  4926 | D        | Found Ekoiz's Antique Weapon Shoppe.
  4929 | D        | Killed a ghost moth
  4933 | D        | Reached skill level 18 in Earth Magic
  4942 | D        | Identified Lanwuff's Tome of Glacial Hexes (Sif Muna gifted
                  | it to you in the Dungeon)
  4942 | D        | Received a gift from Sif Muna
  5060 | D        | Got a barnacled rune of Zot
  5062 | D        | Bought a potion of curing for 33 gold pieces
  5062 | D        | Bought a potion of curing for 33 gold pieces
  5062 | D        | Bought a potion of curing for 33 gold pieces
  5062 | D        | Bought a potion of curing for 33 gold pieces
  5062 | D        | Bought a potion of brilliance for 44 gold pieces
  5062 | D        | Bought a potion of curing for 33 gold pieces
  5062 | D        | Bought a potion of mutation for 88 gold pieces
  5062 | D        | Bought a potion of haste for 110 gold pieces
  5066 | D        | Bought an uncursed ring of wizardry for 360 gold pieces
  5175 | D        | Noticed a dire elephant
  5175 | D        | Noticed a dire elephant
  5175 | D        | Noticed Gastronok
  5183 | D        | Killed Gastronok
  5186 | D        | Killed a dire elephant
  5188 | D        | Killed a dire elephant
  5189 | D        | Reached skill level 15 in Spellcasting
  5413 | D        | Noticed a nagaraja
  5426 | D        | Killed a nagaraja
  5426 | D        | Received a gift from Sif Muna
  5543 | D        | Found Gunarat's Jewellery Shop.
  5543 | D        | Found Ilyek's Antique Weapon Shoppe.
  5547 | D        | Found Kuxyum's Magic Scroll Boutique.
  5551 | D        | Bought an uncursed amulet of regeneration for 360 gold
                  | pieces
  5551 | D        | Bought an uncursed ring of protection from cold for 300
                  | gold pieces
  5559 | D        | Bought a scroll of magic mapping for 35 gold pieces
  5574 | D        | Got a serpentine rune of Zot
  5654 | D        | Learned a level 8 spell: Lehudib's Crystal Spear
  5746 | D        | Gained mutation: Your large and strong wings let you fly
                  | indefinitely. [Gargoyle growth]
  5746 | D        | Reached XP level 14. HP: 48/80 MP: 13/33
  5747 | D        | Received a gift from Sif Muna
  6061 | D        | Noticed a deep elf annihilator
  6064 | D        | Killed a deep elf annihilator
  6065 | D        | Reached skill level 19 in Earth Magic
  6066 | D        | Noticed a deep elf blademaster
  6067 | D        | Noticed an Ice Fiend
  6076 | D        | Killed a deep elf demonologist
  6177 | D        | Identified the +5 dire flail of the Iron City of Dis
                  | {flame, Int+2}
  6353 | D        | Killed a deep elf blademaster
  6451 | D        | Identified the Catalogue of Venom and Conjuration
  6453 | D        | Identified the Volume of Neurosis
  6463 | D        | Got a serpentine granite ring
  6463 | D        | Got a glittering copper amulet
  6476 | D        | Identified the ring "Uddarity" {rF+ rN+} (You found it in
                  | the Dungeon)
  6487 | D        | Identified the amulet "Leazamag" {Acrobat Fragile rF+
                  | Str+8} (You found it in the Dungeon)
  6681 | D        | Reached skill level 10 in Fire Magic
  6696 | D        | Identified Sif Muna's Catalogue of Quantum Poison (Sif Muna
                  | gifted it to you in the Dungeon)
  6696 | D        | Received a gift from Sif Muna
  6863 | D        | Noticed Azrael
  6866 | D        | Killed Azrael
  6867 | D        | Reached skill level 15 in Conjurations
  7368 | D        | Identified Sif Muna's Handbook of Lightness and Evil Rites
                  | (Sif Muna gifted it to you in the Dungeon)
  7368 | D        | Received a gift from Sif Muna
  7527 | D        | Reached skill level 20 in Earth Magic
  7645 | D        | Found the +9 sword of Zonguldrok {reap}
  7650 | D        | Identified Hicluir's Tome of Attacks (Sif Muna gifted it to
                  | you in the Dungeon)
  7650 | D        | Received a gift from Sif Muna
  7843 | D        | Gained mutation: Your magical capacity is low. (-10% MP) [a
                  | shining eye]
  7844 | D        | Received a gift from Sif Muna
  8299 | D        | Noticed a lich
  8304 | D        | Killed a lich
  8305 | D        | Reached XP level 15. HP: 90/90 MP: 11/32
  8410 | D        | Noticed a sphinx
  8410 | D        | Noticed a sphinx
  8411 | D        | Identified Sif Muna's Handbook of Attacks and the Birds
                  | (Sif Muna gifted it to you in the Dungeon)
  8411 | D        | Received a gift from Sif Muna
  8413 | D        | Killed a sphinx
  8414 | D        | Reached skill level 15 in Shields
  8418 | D        | Killed a sphinx
  8419 | D        | Reached skill level 10 in Fighting
  8734 | D        | Identified Sif Muna's Tome of Freezing Changing (Sif Muna
                  | gifted it to you in the Dungeon)
  8734 | D        | Received a gift from Sif Muna
  8735 | D        | Reached skill level 1 in Evocations
  9113 | D        | Identified Sif Muna's Volume of Hexes and the Blaze (Sif
                  | Muna gifted it to you in the Dungeon)
  9113 | D        | Received a gift from Sif Muna
  9390 | D        | Reached skill level 5 in Stealth
  9557 | D        | Noticed Chuck
  9564 | D        | Killed Chuck
  9569 | D        | Got a fine robe
  9637 | D        | Noticed Sojobo
  9650 | D        | Killed from afar by Sojobo

Illustrated notes

Levels and vault maps discovered:
D:        dungeon_sprint_mu [sprint_mu_entry_cave, sprint_mu_temple_rooms,
          sprint_mu_d1_spiders, sprint_mu_d2_genie, sprint_mu_d3_branching,
          sprint_mu_orc_legion, sprint_mu_elf_gauntlet, sprint_mu_hive_nellie,
          sprint_mu_lair_fedhas, sprint_mu_vaults_butterflies,
          sprint_mu_slime_circle, sprint_mu_shoals_kraken,
          sprint_mu_snake_twists, sprint_mu_blade_basic,
          sprint_mu_crypt_fortress, sprint_mu_tomb_spiral,
          sprint_mu_vestibule_basic, sprint_mu_gehenna_hellfire,
          sprint_mu_dis_giant, sprint_mu_tartarus_statrot,
          sprint_mu_cocytus_islands, sprint_mu_zot1]

Skill      XL: |  1  2  3  4  5  6  7  8  9 10 11 12 13 14 15 |
---------------+----------------------------------------------+-----
Earth Magic    | 8 9 10 12 13 14 15 16 17 18 20 | 20.0
Spellcasting   | 3 4 6 8 9 10 11 12 14 15 17 | 17.4
Invocations    | 3 6 8 10 12 13 | 13.1
Fighting       | 5 6 9 11 | 11.3
Long Blades    | 4 5 6 |  6.9
Dodging        | 4 5 7 8 10 11 | 11.4
Conjurations   | 2 5 8 11 14 16 17 | 17.1
Translocations | 3 6 |  6.0
Fire Magic     | 3 6 8 12 13 | 13.0
Armour         | 2 8 10 | 10.4
Shields        | 2 8 11 14 15 | 15.3
Evocations     | 4 |  4.1
Stealth        | 5 |  5.9
Transmutations | |  0.7

Action                   |  1- 3 |  4- 6 |  7- 9 | 10-12 | 13-15 || total
-------------------------+-------+-------+-------+-------+-------++-------
Melee: Unarmed           |    11 |       |       |       |       ||    11
       Club              |     3 |       |       |       |       ||     3
       Long sword        |       |       |     7 |    21 |    51 ||    79
       Double sword      |       |       |       |       |    90 ||    90
 Cast: Sandblast         |     7 |     9 |     9 |     5 |       ||    30
       Lee's Rapid Decon |       |     3 |    23 |    90 |    90 ||   206
       Stone Arrow       |       |       |       |    39 |     3 ||    42
       Freezing Cloud    |       |       |       |     1 |     1 ||     2
       Bolt of Magma     |       |       |       |     7 |    12 ||    19
       Iron Shot         |       |       |       |       |    79 ||    79
       Fire Storm        |       |       |       |       |     4 ||     4
       Lehudib's Crystal |       |       |       |       |    13 ||    13
Invok: Channel Magic     |       |       |     3 |     9 |    13 ||    25
       Divine Exegesis   |       |       |       |     1 |     5 ||     6
 Abil: Fly               |       |       |       |       |     2 ||     2
       Stop Flying       |       |       |       |       |     1 ||     1
Evoke: Wand              |       |       |       |       |     1 ||     1
  Use: Scroll            |       |     2 |     1 |       |     7 ||    10
       Potion            |       |       |     1 |       |       ||     1
Armor: Robe              |     2 |     1 |     3 |    34 |    12 ||    52
       Leather armour    |       |       |       |       |    25 ||    25
Dodge: Dodged            |    11 |       |     7 |   115 |    88 ||   221
Block: Kite shield       |       |       |       |       |    56 ||    56
       Reflection        |       |       |       |       |     5 ||     5
       Rpst.: Long sword |       |       |     2 |    34 |    21 ||    57

Table legend: (Time is in decaauts)
 A = Elapsed time spent in this place.
 B = Non-inter-level travel time spent in this place.
 C = Inter-level travel time spent in this place.
 D = Time resting spent in this place.
 E = Time spent auto-exploring this place.
 F = Levels seen in this place.
 G = Mean time per level.
                   A        B        C        D        E       F      G
               +--------+--------+--------+--------+--------+-----+--------+
         Total |   9721 |   9636 |     85 |   6510 |      0 |   1 | 9721.0 |
       Dungeon |   9721 |   9636 |     85 |   6510 |      0 |   1 | 9721.0 |
               +--------+--------+--------+--------+--------+-----+--------+

Top non-repeatable levels by time:
       D: 9721 daAuts
